 Dungeon Crawl Stone Soup version 0.27.0-1-g7a089689b8 (webtiles) character file.

Game seed: 4786106784116533708

239 VictoriousLee the Digger (level 6, -6/43 HPs)
             Began as a Formicid Earth Elementalist on Aug 9, 2021.
             Mangled by a black bear (8 damage)
             ... on level 3 of the Dungeon.
             The game lasted 00:33:10 (3953 turns).

VictoriousLee the Digger (FoEE)                     Turns: 3953, Time: 00:33:11

Health: -6/43      AC:  6    Str: 12    XL:     6   Next: 29%
Magic:  0/10       EV: 11    Int: 17    God:
Gold:   185        SH:  0    Dex: 11    Spells: 4/10 levels left

rFire    . . .     SeeInvis +   p - +1 hand axe (vamp)
rCold    . . .     Faith    .   (no shield)
rNeg     . . .     Spirit   .   d - +0 leather armour
rPois    .         Reflect  .   (helmet unavailable)
rElec    .         Harm     .   A - +2 cloak
rCorr    .         Rampage  .   (no gloves)
Will     .....                  (no boots)
Stlth    ++........             (no amulet)
HPRegen  0.14/turn              (no ring)
MPRegen  0.12/turn              (no ring)

@: flying
A: permanent stasis, dig shafts and tunnels, antennae 3, four strong arms
a: Dig, Shaft Self


You were on level 3 of the Dungeon.
You visited 1 branch of the dungeon, and saw 4 of its levels.

You collected 185 gold pieces.

Inventory:

Hand Weapons
 g - a +0 whip
 h - a +0 short sword
 p - a +1 vampiric hand axe (weapon)
Missiles
 c - 56 stones
 m - a throwing net
 o - 70 bolts
 w - 13 poisoned darts
 y - 4 boomerangs
 B - 22 arrows
Armour
 b - a +0 robe
 d - a +0 leather armour (worn)
 i - a +0 chain mail
 l - a +0 tower shield
 r - a +0 cloak
 A - a +2 cloak (worn)
Wands
 x - a wand of charming (7)
Scrolls
 f - a scroll of teleportation {unknown}
 n - 2 scrolls of enchant weapon {unknown}
 q - 2 scrolls of identify {unknown}
 t - a scroll of brand weapon {unknown}
 v - a scroll of magic mapping {unknown}
 z - 2 scrolls of amnesia {unknown}
Potions
 a - 2 potions of flight
 e - a potion of brilliance {unknown}
 j - a potion of lignification {unknown}
 k - a potion of resistance {unknown}
 s - a potion of curing {unknown}
 u - a potion of attraction {unknown}


   Skills:
 + Level 1.5 Fighting
 - Level 1.4 Armour
 - Level 1.7 Dodging
 - Level 2.4 Stealth
 - Level 1.5 Shields
 - Level 2.6 Spellcasting
 - Level 3.5 Conjurations
 - Level 1.1 Transmutations
 * Level 4.7 Earth Magic


You had 4 spell levels left.
You knew the following spells:

 Your Spells              Type           Power      Damage    Failure   Level
a - Stone Arrow           Conj/Erth      32%        3d9       13%         3
p - Passwall              Tmut/Erth      10%        N/A       11%         2
s - Sandblast             Erth           36%        2d10      3%          1

Your spell library contained the following spells:

 Spells                   Type           Power      Damage    Failure   Level
 Petrify                  Tmut/Erth      12%        N/A       56%         4


Dungeon Overview and Level Annotations

Branches:
Dungeon (4/15)
 Temple: D:4-7

Altars:
Ashenzari
Fedhas
Gozag
Uskayaw
The Shining One

Shops:
D:4 [

Annotations:
D:4 Sigmund


Innate Abilities, Weirdness & Mutations

You cannot be hasted, slowed, berserked, paralysed or teleported.
You can dig through walls and to a lower floor.
You have a pair of large antennae on your head. (SInv)
Your four strong arms can wield two-handed weapons with a shield.


Message History

The black bear claws you. x2
Your magical contamination has completely faded away.
You climb upwards.
There is a stone staircase leading down here.
You barely miss the black bear.
The black bear is severely wounded.
The black bear bites you but does no damage.
The black bear misses you. The black bear barely misses you.
The black bear bites you! The black bear closely misses you.
The black bear claws you but does no damage.
You hit the black bear but do no damage.
The black bear is severely wounded.
The black bear closely misses you.
The black bear claws you but does no damage.
The black bear completely misses you. The black bear bites you!
* * * LOW HITPOINT WARNING * * *
The black bear claws you.
* * * LOW HITPOINT WARNING * * *
The black bear claws you.
* * * LOW HITPOINT WARNING * * *
Okay, then.
It was a potion of flight.
You feel very buoyant.
You fly up into the air.
The black bear bites you but does no damage.
The black bear misses you. The black bear barely misses you.
Casting: Sandblast (safe; 3% risk of failure)
Confirm with . or Enter, or press ? or * to list all spells.
You don't have enough magic to cast this spell.
Casting: Sandblast (safe; 3% risk of failure)
Confirm with . or Enter, or press ? or * to list all spells.
Aiming: Sandblast (safe; 3% risk of failure)
Press: ? - help, Shift-Dir - straight line, f - black bear
Aim: a black bear (severely wounded, berserk, 85% to hit)
The blast of sand misses the black bear.
c - 56 stones The black bear closely misses you.
The black bear claws you.
* * * LOW HITPOINT WARNING * * *
The black bear closely misses you. The black bear bites you!
You die...

.###.###..# ##.#.PP.P.#.#.....#.#
.###.###..# #.#.._PP..<........#
.##...##..####.#PPP.P.##......###
.†.._............P.P..........# #
.##...##.#####...########.....# #
.###.###.#.................#### #
†###.###.######..#########.# #
.........######.># #.# #
.....#####.....h@# #.# # ###..#
#.######## #.# # #.## #.# #.# #
#.# #.# #.# # #.# #.# #.# # #.#
#.# #.# # #.#
#.################.###### #.#
#...............##.#<....
#.###################.##.######


You could see a black bear (berserk).

Vanquished Creatures
  An ogre (D:4)
  Jessica (D:2)
  4 gnolls
  3 adders
  2 dart slugs
  6 orcs
  2 ball pythons
  A bat (D:2)
  4 endoplasms
  5 giant cockroaches
  4 goblins
  3 hobgoblins
  8 jackals
  3 quokkas
  2 frilled lizards
  5 kobolds
  A rat (D:1)
55 creatures vanquished.

Vanquished Creatures (collateral kills)
  A lemure (D:4)
1 creature vanquished.

Vanquished Creatures (others)
  A black bear (D:4)
  A fungus (D:3)
2 creatures vanquished.

Grand Total: 58 creatures vanquished

Notes
Turn   | Place    | Note
-------+----------+-------------------------------------------
     0 | D:1      | VictoriousLee the Formicid Earth Elementalist began the
                  | quest for the Orb.
     0 | D:1      | Reached XP level 1. HP: 13/13 MP: 3/3
   211 | D:1      | Reached skill level 4 in Earth Magic
   237 | D:1      | Reached XP level 2. HP: 19/19 MP: 3/5
   525 | D:1      | Reached XP level 3. HP: 24/24 MP: 4/6
   568 | D:1      | Found a faded altar of an unknown god.
   787 | D:1      | Learned a level 3 spell: Stone Arrow
  1134 | D:2      | Reached skill level 1 in Conjurations
  1378 | D:2      | Reached XP level 4. HP: 23/30 MP: 3/8
  1800 | D:2      | Noticed Jessica
  1820 | D:2      | Killed Jessica
  1921 | D:2      | Learned a level 2 spell: Passwall
  1971 | D:3      | Found an opulent altar of Gozag.
  1987 | D:3      | Reached XP level 5. HP: 34/35 MP: 9/9
  2133 | D:3      | Found a blossoming altar of Fedhas.
  2293 | D:3      | Found a hide-covered altar of Uskayaw.
  2294 | D:3      | Noticed a +0 hand axe
  2294 | D:3      | Noticed a +0 hand axe
  2753 | D:3      | Found a broken altar of Ashenzari.
  3044 | D:4      | Noticed Sigmund
  3331 | D:4      | Found a glowing golden altar of the Shining One.
  3333 | D:4      | Noticed an ogre
  3335 | D:4      | Noticed a lemure
  3337 | D:4      | Noticed a black bear
  3353 | D:4      | Killed a lemure
  3354 | D:4      | Killed an ogre
  3355 | D:4      | Reached skill level 1 in Fighting
  3355 | D:4      | Reached skill level 1 in Armour
  3355 | D:4      | Reached skill level 1 in Shields
  3355 | D:4      | Reached XP level 6. HP: 3/43 MP: 4/10
  3920 | D:4      | Found Ladanasi's Antique Armour Shoppe.
  3924 | D:4      | Noticed a black bear
  3953 | D:3      | HP: 2/43 [black bear (2)]
  3953 | D:3      | Mangled by a black bear

Illustrated notes

Levels and vault maps discovered:
D:1:      saegor_arrival_simple_c, layout_basic,
          dreamdust_ecumenical_altar_angels_and_demons
D:2:      layout_rooms, minmay_misc_feat_x, uniq_jessica
D:3:      layout_basic, fedhas_altar_3, nicolae_overflow_crystal_walls,
          dancing_weapons_uskayaw, mainiacjoe_overflow_concentric_impassable,
          corexii_leaking_fountain, kennysheep_generic_room_13
D:4:      layout_cave_pools, mainiacjoe_overflow_paths, old_standard_altar,
          serial_glass, glass_columns_a, glass_columns_a, serial_shops,
          nicolae_shop_competitors_out_of_business, grunt_ministairs_4,
          uniq_sigmund, uniq_pikel

Skill      XL: |  1  2  3  4  5 |
---------------+----------------+-----
Earth Magic    | 4 |  4.7
Conjurations   | 1 2 3 |  3.5
Fighting       | 1 |  1.5
Armour         | 1 |  1.4
Shields        | 1 |  1.5
Dodging        | |  1.7
Stealth        | |  2.4
Spellcasting   | |  2.6
Transmutations | |  1.1

Action                   |  1- 3 |  4- 6 || total
-------------------------+-------+-------++-------
Melee: Whip              |    28 |    13 ||    41
       Hand axe          |       |    70 ||    70
 Cast: Sandblast         |    27 |    26 ||    53
       Stone Arrow       |       |     3 ||     3
Evoke: Wand              |       |     3 ||     3
  Use: Potion            |       |     1 ||     1
 Stab: Sleeping          |     1 |       ||     1
Armor: Robe              |     7 |     7 ||    14
       Leather armour    |       |    22 ||    22
Dodge: Dodged            |    31 |    66 ||    97
